Map: Arctic Dream LE

Players

qqq - Winner!

  • Race: Zerg Zerg
  • League: Platinum
  • Spawn Location: 5:00

Massa - Winner!

  • Race: Terran Terran
  • League: Platinum
  • Spawn Location: 6:00

DiamondDog

  • Race: Terran Terran
  • League: Diamond
  • Spawn Location: 11:00

OverLord

  • Race: Zerg Zerg
  • League: Gold
  • Spawn Location: 12:00

VOD

Have the link to the VOD?

Description

Time

  • Played on: Sept. 24, 2020, 3:45 p.m.
  • Length: 9:18
Show
View Real Time Build Order
Export as new Build Order

qqq Zerg - Winner!

Build Orders: Hatch First 

Get SALT Encoding   

  12  0:01  Drone  
  13  0:08  Drone  
  14  0:39  Hatchery  
  13  0:47  Drone  
  14  0:55  Spawning Pool  
  13  1:03  Overlord  
  13  1:08  Drone  
  13  1:11  Extractor  
  13  1:17  Drone  
  14  1:22  Drone  
  15  1:32  Drone  
  16  1:37  Drone  
  17  1:44  Queen  
  19  1:51  Drone  
  19  1:52  Drone  
  21  2:07  Drone  
  22  2:09  Drone  
  22  2:13  Drone  
  22  2:15  Queen  
  26  2:23  Overlord  
  26  2:43  Drone  
  26  2:44  Drone x2  
  29  2:45  Zergling x4  
  29  2:47  Metabolic Boost  
  31  2:56  Drone, Extractor  
  31  3:00  Drone  
  31  3:02  Zergling x4  
  31  3:03  Zergling x2  
  35  3:13  Zergling x2  
  34  3:28  Zergling x4  
  34  3:30  Overlord x3  
  33  4:03  Zergling x8  
  33  4:04  Zergling x4  
  39  4:19  Drone  
  39  4:20  Zergling x2  
  41  4:28  Lair  
  41  4:32  Hatchery  
  39  4:40  Hatchery  
  39  4:45  Zergling x4  
  39  4:46  Drone x2  
  39  4:52  Zergling x2  
  42  4:58  Drone, Roach Warren, Overlord  
  42  5:11  Baneling Nest  
  41  5:19  Zergling x4  
  41  5:20  Zergling x6  
  44  5:58  Roach x4  
  44  5:59  Roach x5  
  62  6:21  Roach  
  62  6:22  Roach  
  62  6:23  Drone x2, Roach x4  
  76  6:33  Baneling x4  
  76  6:34  Baneling x3  
  76  6:37  Drone x3  
  76  6:38  Drone  
  80  6:42  Extractor, Drone  
  75  7:19  Overlord x4  
  75  7:20  Overlord x4  
  73  7:30  Overlord  
  72  7:50  Roach x2  
  72  7:51  Roach x6  
  83  7:54  Roach  
  83  7:55  Drone x3, Zergling x6  
  83  7:56  Zergling x2  
  85  8:11  Roach  
  87  8:25  Roach x2  
  87  8:26  Drone x3  
  89  8:27  Drone  
  89  8:28  Hatchery  
  80  8:38  Hatchery  
  79  8:42  Hatchery  
  79  8:44  Roach x2  
  79  8:46  Drone x3, Hatchery  
  79  8:47  Drone x4  
  84  8:48  Drone  
  84  8:49  Drone  
Show
View Real Time Build Order
Export as new Build Order

Massa Terran - Winner!

Build Orders: Gas First Reaper Expand 

Get SALT Encoding   

  12  0:00  SCV  
  13  0:12  SCV  
  14  0:18  Supply Depot  
  14  0:25  SCV  
  15  0:31  Refinery  
  15  0:43  Barracks  
  15  0:47  SCV  
  16  0:59  SCV  
  17  1:12  SCV  
  18  1:24  SCV  
  19  1:31  Reaper  
  20  1:36  Orbital Command  
  20  1:46  Command Center  
  20  2:02  Supply Depot  
  20  2:03  SCV, Marine  
  22  2:11  Factory  
  22  2:25  Supply Depot  
  22  2:27  Barracks Reactor  
  22  2:38  SCV  
  23  2:50  SCV  
  24  2:57  Refinery  
  24  3:02  Starport, SCV  
  25  3:08  Engineering Bay  
  25  3:16  Hellion x2  
  25  3:18  Marine  
  30  3:26  Orbital Command  
  30  3:31  SCV  
  31  3:37  Hellion x2  
  31  3:38  Medivac  
  37  3:43  SCV  
  38  4:19  Barracks Tech Lab, Hellion x2  
  42  4:25  Barracks  
  42  4:26  Starport Tech Lab  
  42  4:32  Barracks  
  42  4:33  Terran Infantry Weapons Level 1  
  42  4:39  Command Center  
  42  4:44  Armory  
  42  4:46  Engineering Bay  
  42  4:52  Hellion x2  
  46  5:08  Marauder  
  46  5:13  Banshee  
  51  5:17  SCV  
  51  5:20  SCV  
  53  5:35  Marauder  
  39  6:14  Marauder  
  39  6:15  Stimpack  
  39  6:17  Hellion x2  
  45  6:19  Banshee  
  45  6:21  Cloaking Field  
  55  6:25  Orbital Command  
  48  6:29  Barracks Reactor, Barracks Tech Lab  
  48  6:33  SCV x2  
  48  6:36  Marauder  
  48  6:39  Hellion x2  
  56  6:45  SCV x2  
  58  6:50  Factory  
  58  6:55  SCV  
  58  6:57  SCV x2  
  58  6:58  Refinery  
  58  7:00  Refinery  
  61  7:02  Command Center  
  61  7:07  SCV  
  62  7:09  SCV x2  
  64  7:19  SCV  
  64  7:21  SCV x2  
  67  7:31  SCV  
  67  7:33  SCV  
  67  7:35  Factory Tech Lab  
  69  8:14  Hellion x2  
  73  8:32  Marauder, Marine  
  73  8:33  Marauder, Marine  
  79  8:36  Hellion x2  
  83  8:50  Marine  
  83  8:52  Supply Depot  
  83  8:53  Supply Depot  
  84  9:04  Supply Depot  
  84  9:05  Supply Depot  
  84  9:06  Supply Depot  
  84  9:07  Supply Depot  
  93  9:17  Supply Depot  
Show
View Real Time Build Order
Export as new Build Order

DiamondDog Terran 

Build Orders:  

Get SALT Encoding   

  12  0:00  SCV  
  13  0:12  SCV  
  14  0:17  Supply Depot  
  14  0:24  SCV  
  14  0:28  Refinery  
  15  0:39  SCV  
  16  0:45  Barracks  
  16  0:51  SCV  
  16  0:55  Refinery  
  17  1:03  SCV  
  18  1:15  SCV  
  18  1:18  Barracks  
  19  1:33  Reaper  
  19  1:37  Orbital Command  
  20  1:47  Supply Depot  
  20  2:02  Barracks  
  20  2:08  Reaper  
  21  2:12  Reaper  
  21  2:14  SCV  
  23  2:26  SCV  
  24  2:38  SCV  
  24  2:40  Reaper  
  26  2:50  Reaper, Barracks  
  27  2:51  Reaper, Barracks  
  28  2:59  Supply Depot  
  28  3:01  SCV  
  29  3:26  Reaper  
  29  3:27  Reaper  
  31  3:28  Reaper  
  31  3:30  Supply Depot  
  32  3:38  Reaper x2  
  31  3:58  Reaper  
  31  3:59  Reaper  
  31  4:01  Reaper  
  32  4:10  Reaper x2  
  34  4:21  Command Center  
  34  4:31  Reaper  
  32  4:45  Reaper x3  
  33  4:50  Barracks Tech Lab  
  32  4:53  Barracks Reactor  
  32  4:59  Factory  
  32  5:01  SCV  
  32  5:06  Reaper  
  34  5:14  SCV  
  35  5:18  Reaper  
  35  5:19  Reaper x2  
  38  5:26  SCV  
  39  5:36  Reaper x2  
  39  5:38  SCV  
  19  5:50  SCV  
  19  5:56  SCV  
  14  6:02  SCV  
  15  6:08  SCV  
  16  6:14  SCV  
  17  6:20  SCV  
  18  6:26  SCV  
  18  6:32  SCV  
  20  6:38  SCV  
  21  6:44  SCV  
  22  6:50  SCV  
  23  6:56  SCV  
  24  7:02  SCV  
  25  7:09  SCV  
  25  7:15  SCV  
  27  7:21  SCV  
  26  7:22  Reaper  
  26  7:23  Reaper  
  26  7:27  SCV  
  25  7:32  Marine x4  
  26  7:39  SCV  
  26  7:50  Marine x3  
  28  7:58  Marine x3  
  24  8:07  Marine  
  24  8:08  Marine x2  
  23  8:16  Marine x3  
  23  8:25  Marine  
Show
View Real Time Build Order
Export as new Build Order

OverLord Zerg 

Build Orders: Hatch First 

Get SALT Encoding   

  12  0:01  Drone  
  13  0:17  Overlord  
  13  0:18  Drone  
  14  0:35  Drone x2  
  16  0:44  Drone  
  17  1:00  Drone  
  18  1:05  Hatchery  
  18  1:06  Drone  
  18  1:14  Extractor, Drone  
  18  1:21  Spawning Pool  
  18  1:24  Drone  
  19  1:32  Drone  
  19  1:43  Overlord  
  19  2:08  Zergling x4  
  21  2:09  Queen  
  23  2:16  Queen  
  23  2:19  Drone x2  
  27  2:40  Zergling x6  
  27  2:41  Zergling x2  
  27  2:42  Metabolic Boost  
  31  2:52  Drone x2  
  33  3:12  Queen  
  33  3:14  Overlord x3  
  33  3:15  Overlord  
  35  3:32  Queen  
  37  3:54  Drone x7  
  37  3:55  Drone x3  
  46  4:10  Drone  
  46  4:15  Baneling Nest  
  46  4:19  Queen  
  48  4:35  Zergling x6  
  48  4:36  Zergling x8  
  55  4:39  Hatchery  
  54  5:16  Lair  
  54  5:23  Drone  
  54  5:24  Drone x5, Extractor  
  54  5:26  Extractor  
  58  5:29  Baneling x6  
  58  5:30  Baneling x2  
  58  6:24  Drone x6  
  58  6:25  Drone  
  65  6:55  Evolution Chamber  
  65  6:58  Evolution Chamber  
  63  7:15  Zergling x24  
  57  7:16  Zergling x18  
  68  7:40  Baneling  
  68  7:41  Baneling x7  
  68  7:42  Baneling  
  58  8:02  Zergling x2  
  58  8:03  Zergling x22  
Tags
 
Add a new tag
Caveats
  • Supply blocks, unpowered buildings, or Contaminate may cause inaccurate times.
  • Supply counts are checked every 10 seconds.